 Dungeon Crawl Stone Soup version 0.30-a0-859-gf88a04b62d (webtiles) character file.

Game seed: 685279951707251061

8909 qeuew the Spear-Bearer (level 11, -17/92 HPs)
             Began as a Merfolk Gladiator on Mar 6, 2023.
             Was a Believer of Lugonu.
             Demolished by a cane toad (32 damage)
             ... on level 1 of the Lair of Beasts.
             The game lasted 00:21:23 (10726 turns).

qeuew the Spear-Bearer (Merfolk Gladiator)         Turns: 10726, Time: 00:21:23

Health: -17/92     AC: 14    Str: 17    XL:     11   Next: 38%
Magic:  11/11      EV: 17    Int:  5    God:    Lugonu [**....]
Gold:   466        SH:  0    Dex: 18    Spells: 10/10 levels left

rFire   . . .      SeeInvis .    a - +1 trident
rCold   . . .      Faith    .    (no shield)
rNeg    . . .      Spirit   .    F - +0 troll leather armour
rPois   .          Reflect  .    c - +0 helmet
rElec   .          Rampage  .    (no cloak)
rCorr   .          Clarity  +    (no gloves)
Will    .....                    (no boots)
Stlth   ++                       (no amulet)
HPRegen 1.15/turn                h - +4 ring of protection
MPRegen 0.12/turn                n - +4 ring of protection

@: about to teleport, studying Polearms
A: (nimble swimmer 2), mertail, clarity, dopey 1, robust 1, sturdy frame 1
a: Renounce Religion, Depart the Abyss, Banish


You were on level 1 of the Lair of Beasts.
You worshipped Lugonu.
Lugonu was pleased with you.
You visited 2 branches of the dungeon, and saw 11 of its levels.
You visited the Abyss 1 time.
You also visited: Sewer and Bailey.

You collected 1738 gold pieces.
You spent 1152 gold pieces at shops.
You paid 120 gold pieces to Gozag.

Inventory:

Hand Weapons
 a - a +1 trident (weapon)
Missiles
 e - 8 javelins (quivered)
Armour
 c - a +0 helmet (worn)
 F - a +0 troll leather armour (worn)
Jewellery
 h - a +4 ring of protection (left hand)
 n - a +4 ring of protection (right hand)
 w - a ring of poison resistance
Wands
 b - a wand of charming (16)
 j - a wand of roots (17)
 u - a wand of flame (21)
 x - a wand of polymorph (10)
 E - a wand of quicksilver (3)
Scrolls
 d - a scroll of acquirement
 f - 2 scrolls of enchant armour
 r - a scroll of summoning
 t - a scroll of teleportation
 y - a scroll of poison
 A - 2 scrolls of fog
 D - a scroll of identify
Potions
 i - 4 potions of cancellation
 k - a potion of flight {unknown}
 m - 6 potions of curing
 p - 2 potions of mutation
 q - 2 potions of invisibility
 s - 2 potions of haste
 v - 4 potions of brilliance
 C - a potion of heal wounds


   Skills:
 + Level 7.2 Fighting
 * Level 12.9 Polearms
 * Level 9.1 Throwing
 + Level 4.5 Armour
 + Level 9.2 Dodging
 + Level 5.4 Evocations


You had 10 spell levels left.
You didn't know any spells.
Your spell library contained the following spells:

 Spells                   Type           Power      Damage    Failure   Level
 Magic Dart               Conj           0%         1d3       50%         1
 Necrotise                Necr           0%         1d4       50%         1
 Shock                    Conj/Air       0%         1d3       50%         1
 Slow                     Hex            0%         N/A       50%         1
 Call Imp                 Summ           0%         N/A       63%         2
 Confusing Touch          Hex            0%         N/A       86%         3
 Mephitic Cloud           Conj/Pois/Air  0%         N/A       86%         3
 Swiftness                Air            0%         N/A       86%         3
 Vampiric Draining        Necr           0%         2d6       86%         3
 Airstrike                Air            0%         2d(0-16)  99%         4
 Agony                    Necr           0%         N/A       100%        5


Dungeon Overview and Level Annotations

Branches:
Dungeon (10/15)            Temple (0/1) D:7            Lair (1/5) D:9
    Orc (0/2) D:10          Sewer (visited)          Bailey (visited)

Altars:
Ashenzari
Cheibriados
Gozag
Hepliaklqana
Kikubaaqudgha
Makhleb
Qazlal
Sif Muna
Uskayaw
Wu Jian
Yredelemnul

Shops:
D:2 !   D:5 :   D:10 ?


Innate Abilities, Weirdness & Mutations

((You are very nimble when in or above water. (Stealth+, EV+, Speed+++)))
Your lower body shifts to a powerful aquatic tail in water.
You possess an exceptional clarity of mind.
You are dopey. (Int -2)
You are robust. (+10% HP)
Your movements are slightly less encumbered by armour. (ER -2)


Message History

The cane toad poisons you!
You barely miss the cane toad.
The cane toad is lightly wounded.
You feel very sick. The cane toad stings you.
The komodo dragon completely misses you.
You hit the cane toad but do no damage.
You punch the cane toad, but do no damage.
The cane toad is lightly wounded.
You feel sick. The cane toad closely misses you.
The komodo dragon barely misses you. The cane toad barely misses you.
You hit the cane toad but do no damage.
The cane toad is lightly wounded.
You feel sick. The komodo dragon bites you! The cane toad stings you!
You are more poisoned.
The cane toad poisons you!
You hit the cane toad but do no damage.
The cane toad is lightly wounded.
You feel very sick. The komodo dragon bites you!!
The cane toad stings you but does no damage.
You are too injured to fight recklessly!
Unknown command.
As you read the scroll of teleportation, it crumbles to dust.
You feel strangely unstable.
You feel extremely sick. The cane toad stings you!
* * * LOW HITPOINT WARNING * * *
The komodo dragon barely misses you.
Unknown command.
You feel better. The cane toad stings you.
* * * LOW HITPOINT WARNING * * *
You are poisoned.
The cane toad poisons you! The komodo dragon bites you!
* * * LOW HITPOINT WARNING * * *
The cane toad stings you but does no damage.
The komodo dragon closely misses you.
You feel better. The cane toad misses you. The komodo dragon barely misses you.
The cane toad stings you!!
You die...

8.^.8. ......#
.8....### +#
........#### .### .
#######......###...#
..#.....##...........##
.#........##....>....P#
....†....######.......+
##.......# ##@###.##
......<..# #Fl#
#######+## ...F.
........ ...........
............
............$
..............


You could see a komodo dragon (berserk, incited), a cane toad (berserk, incited)
and a bullfrog.

Vanquished Creatures
  A boulder beetle (Lair:1)
  Sonja (D:10)
  An orc knight (Bailey)
  Pikel (D:5)
  Maggie (D:10)
  A rime drake (D:9)
  Psyche (D:10)
  A hornet (D:10)
  A troll (D:10)
  Sigmund (D:6)
  2 wyverns
  A steam dragon (D:9)
  2 water moccasins
  6 ice beasts
  8 orc warriors
  3 sky beasts
  3 wolves (D:9)
  2 ogres
  4 centaurs
  A phantom (D:7)
  2 bullfrogs
  7 kobold brigands
  2 gnoll sergeants
  A scorpion (D:6)
  10 wights
  4 howler monkeys
  A crimson imp (D:7)
  3 hounds
  Crazy Yiuf (D:6)
  An orc priest (D:5)
  A jelly (D:6)
  A sleepcap (D:5)
  2 iguanas
  4 orc wizards
  Ijyb (D:5)
  Natasha (thrice) (D:2)
  22 gnolls
  13 adders
  5 river rats
  A shadow imp (D:6)
  A white imp (D:6)
  An ufetubus (D:5)
  A worm (D:4)
  4 dart slugs
  27 orcs
  6 endoplasms
  3 giant cockroaches
  15 goblins
  16 hobgoblins
  13 jackals
  4 quokkas
  12 ball pythons
  5 bats
  12 frilled lizards
  33 kobolds
  11 rats
291 creatures vanquished.

Vanquished Creatures (collateral kills)
  2 orcs (Bailey)
2 creatures vanquished.

Vanquished Creatures (others)
  An orc wizard (D:8)
  A gnoll (D:10)
  A fungus (Lair:1)
  6 plants
9 creatures vanquished.

Grand Total: 302 creatures vanquished

Notes
Turn   | Place    | Note
-------+----------+-------------------------------------------
     0 | D:1      | qeuew the Merfolk Gladiator began the quest for the Orb.
     0 | D:1      | Reached XP level 1. HP: 16/16 MP: 1/1
    89 | D:1      | Reached XP level 2. HP: 8/23 MP: 2/2
   393 | D:1      | Reached XP level 3. HP: 28/28 MP: 3/3
   640 | D:1      | Found a faded altar of an unknown god.
   732 | D:2      | Found Weavex's Distillery.
   736 | D:2      | Bought a potion of heal wounds for 60 gold pieces
   858 | D:2      | You fall into a shaft and drop 2 floors!
  1003 | D:4      | Reached XP level 4. HP: 32/33 MP: 4/4
  1065 | D:4      | Noticed an ogre
  1071 | D:4      | Killed an ogre
  1072 | D:4      | Reached skill level 5 in Polearms
  1072 | D:4      | Reached skill level 1 in Armour
  1072 | D:4      | Reached XP level 5. HP: 41/41 MP: 5/5
  1157 | D:4      | Found a glowing drain.
  1188 | Sewer    | Entered a sewer
  1441 | Sewer    | Noticed a kobold brigand
  1452 | Sewer    | Reached XP level 6. HP: 40/47 MP: 6/6
  1469 | Sewer    | Reached skill level 5 in Dodging
  1551 | Sewer    | Reached skill level 6 in Polearms
  1879 | D:3      | Found a hide-covered altar of Uskayaw.
  1948 | D:2      | Noticed Natasha
  1962 | D:2      | Killed Natasha
  1963 | D:2      | Reached XP level 7. HP: 47/52 MP: 7/7
  2065 | D:2      | Noticed Natasha
  2070 | D:2      | Killed Natasha
  2110 | D:2      | Noticed Natasha
  2116 | D:2      | Killed Natasha
  2461 | D:2      | Bought a potion of mutation for 96 gold pieces
  2461 | D:2      | Bought a potion of curing for 36 gold pieces
  2473 | D:2      | Gained mutation: You have a pair of small horns on your
                  | head. [potion of mutation]
  2473 | D:2      | Gained mutation: You are partially covered in iridescent
                  | scales. (AC +2) [potion of mutation]
  2530 | D:3      | Found an ancient bone altar of Kikubaaqudgha.
  3079 | D:3      | Lost mutation: You have a pair of small horns on your head.
                  | [potion of mutation]
  3079 | D:3      | Lost mutation: You are partially covered in iridescent
                  | scales. (AC +2) [potion of mutation]
  3079 | D:3      | Gained mutation: You passively map a small area around you.
                  | [potion of mutation]
  3079 | D:3      | Gained mutation: You occasionally lose the ability to read
                  | scrolls when taking damage. [potion of mutation]
  3080 | D:3      | Lost mutation: You occasionally lose the ability to read
                  | scrolls when taking damage. [potion of mutation]
  3080 | D:3      | Lost mutation: You passively map a small area around you.
                  | [potion of mutation]
  3080 | D:3      | Gained mutation: Your movements are slightly less
                  | encumbered by armour. (ER -2) [potion of mutation]
  3080 | D:3      | Gained mutation: You are dopey. (Int -2) [potion of
                  | mutation]
  3080 | D:3      | Gained mutation: You are robust. (+10% HP) [potion of
                  | mutation]
  3080 | D:3      | Gained mutation: You possess an exceptional clarity of
                  | mind. [potion of mutation]
  3278 | D:5      | Entered Level 5 of the Dungeon
  3333 | D:5      | Reached skill level 7 in Polearms
  3333 | D:5      | Reached skill level 1 in Evocations
  3356 | D:5      | Reached XP level 8. HP: 53/66 MP: 8/8
  3452 | D:5      | Found an ornate altar of the Wu Jian Council.
  3475 | D:5      | Noticed Ijyb
  3477 | D:5      | Noticed Pikel
  3497 | D:5      | Killed Ijyb
  3513 | D:5      | Killed Pikel
  3514 | D:5      | Reached skill level 5 in Throwing
  3682 | D:5      | Found an opulent altar of Gozag.
  3701 | D:5      | Became a worshipper of Gozag Ym Sagoz the Greedy
  3711 | D:5      | Reached skill level 8 in Polearms
  3792 | D:5      | Found Buweqeil's Book Shoppe.
  4627 | D:6      | Reached skill level 5 in Fighting
  4648 | D:6      | Reached XP level 9. HP: 28/66 MP: 9/9
  5037 | D:6      | Found a runed translucent door.
  5038 | D:6      | Noticed Crazy Yiuf
  5104 | D:6      | Identified the +4 dagger of Contradiction {flame, rC+ Dex+2
                  | Stlth+}
  5283 | D:6      | Noticed Sigmund
  5292 | D:6      | Killed Sigmund
  5576 | D:6      | Killed Crazy Yiuf
  5643 | D:7      | Found a staircase to the Ecumenical Temple.
  5648 | D:7      | Found a stormy altar of Qazlal.
  5693 | D:7      | Reached skill level 9 in Polearms
  6054 | D:7      | Found a burning altar of Makhleb.
  6244 | D:7      | Found a broken altar of Ashenzari.
  6247 | D:7      | Found a snail-covered altar of Cheibriados.
  6906 | D:8      | Reached skill level 10 in Polearms
  6933 | D:8      | Reached XP level 10. HP: 76/77 MP: 10/10
  7080 | D:8      | Found a shimmering blue altar of Sif Muna.
  7472 | D:9      | Found a staircase to the Lair.
  7613 | D:9      | Found a flagged portal.
  7728 | Bailey   | Entered a bailey
  8039 | Bailey   | Reached skill level 11 in Polearms
  8171 | Bailey   | Noticed an orc knight
  8193 | Bailey   | Killed an orc knight
  8481 | Bailey   | Noticed an orc warlord
  8609 | D:5      | Bought a manual of Polearms for 960 gold pieces
  8752 | D:9      | Found a basalt altar of Yredelemnul.
  9092 | D:9      | Found a hazy altar of Hepliaklqana.
  9147 | D:10     | Entered Level 10 of the Dungeon
  9155 | D:10     | Noticed Sonja
  9166 | Abyss:1  | Cast into level 1 of the Abyss (Sonja)
  9215 | Abyss:1  | a shapeshifter changed into a harpy
  9215 | Abyss:1  | Noticed a harpy (shapeshifter)
  9219 | Abyss:1  | Found a corrupted altar of Lugonu.
  9223 | Abyss:1  | Fell from the grace of Gozag
  9223 | Abyss:1  | Became a worshipper of Lugonu the Unformed
  9223 | Abyss:1  | Reached * piety under Lugonu
  9223 | Abyss:1  | Reached ** piety under Lugonu
  9224 | D:10     | Escaped the Abyss
  9230 | D:10     | Killed Sonja
  9231 | D:10     | Reached skill level 5 in Evocations
  9231 | D:10     | Reached XP level 11. HP: 50/91 MP: 9/11
  9507 | D:10     | Noticed Maggie
  9546 | D:10     | Killed Maggie
  9547 | D:10     | Reached skill level 12 in Polearms
  9834 | D:10     | Noticed Psyche
  9847 | D:10     | Killed Psyche
 10033 | D:10     | Found a staircase to the Orcish Mines.
 10351 | D:10     | Found Ahurodei's Magic Scroll Shop.
 10518 | Lair:1   | Entered Level 1 of the Lair of Beasts
 10518 | Lair:1   | Noticed a boulder beetle
 10624 | Lair:1   | Killed a boulder beetle
 10725 | Lair:1   | HP: 3/92 [komodo dragon (15)]
 10726 | Lair:1   | Demolished by a cane toad

Illustrated notes

Levels and vault maps discovered:
D:1:      psy_arrival_basics, layout_rooms, shapermc_ecumenical_altar_pompeii,
          chequers_decorated_corner
D:2:      minmay_spotlight, layout_loops_ring, serial_shops,
          nicolae_shop_competitors_out_of_business, uniq_natasha
D:3:      layout_rooms, amcnicky_altar_gilded,
          nicolae_uskayaw_murder_on_the_dancefloor
D:4:      layout_gridville, portal_sewer_entry_c
D:5:      cheibrodos_quashed, layout_basic, mainiacjoe_overflow_six_doors_small,
          mainiacjoe_overflow_tiny_flanked, serial_shops, kennysheep_mini_moat,
          uniq_pikel, uniq_ijyb
D:6:      layout_basic, dreamdust_princess_corridor, kennysheep_generic_room_10,
          uniq_sigmund, uniq_crazy_yiuf_cottage
D:7:      layout_rooms, makhleb_grotto_becter, nicolae_qazlal_scattered_showers,
          nicolae_overflow_squiral, minmay_temple_entry_mist
D:8:      layout_rooms, nicolae_sif_muna_little_library
D:9:      layout_rooms, lemuel_round_altar, nicolae_hepliaklqana_hippocampus,
          hellmonk_lair_entry_icy, enter_bailey_8
D:10:     layout_irregular_city, david_orc_2, serial_column_ruins,
          column_ruins_open_large, column_ruins_columns_plus,
          column_ruins_open_medium, column_ruins_corridor_straight,
          column_ruins_open_small, serial_shops, nicolae_shop_crystal,
          minmay_misc_feat_rugged, chequers_serial_rivers_room_a, uniq_snorg,
          uniq_maggie, uniq_psyche, uniq_sonja
Lair:1:   layout_regular_city, grunt_forest_large_clearings, grunt_megastairs_4,
          uniq_gastronok, uniq_amaemon

Skill      XL: |  1  2  3  4  5  6  7  8  9 10 11 |
---------------+----------------------------------+-----
Fighting       | 3 4 5 6 7 |  7.2
Polearms       | 5 6 7 8 10 11 12 | 12.9
Throwing       | 3 4 6 7 8 9 |  9.1
Armour         | 1 2 3 4 |  4.5
Dodging        | 5 6 7 8 9 |  9.2
Evocations     | 1 2 3 5 |  5.4

Action                     |  1- 3 |  4- 6 |  7- 9 | 10-12 || total
---------------------------+-------+-------+-------+-------++-------
  Melee: Trident           |   126 |   169 |   547 |   707 ||  1549
         Punch             |     1 |     2 |     7 |     9 ||    19
         Tailslap          |       |     6 |     4 |       ||    10
         Headbutt          |       |       |     4 |       ||     4
  Throw: Javelin           |       |       |       |    10 ||    10
         Throwing net      |       |       |       |     3 ||     3
 Invoke: Depart the Abyss  |       |       |       |     1 ||     1
         Banish            |       |       |       |     1 ||     1
  Evoke: Wand              |       |       |       |     5 ||     5
    Use: Scroll            |     4 |       |    11 |     6 ||    21
         Potion            |       |       |     5 |     7 ||    12
   Stab: Sleeping          |     1 |     2 |     3 |     1 ||     7
         Distracted        |       |       |     1 |     3 ||     4
         Invisible         |       |       |       |     3 ||     3
 Armour: Leather armour    |    44 |    74 |    18 |       ||   136
         Ring mail         |       |       |   143 |   202 ||   345
         Troll leather arm |       |       |       |    15 ||    15
  Dodge: Dodged            |   132 |   190 |   282 |   436 ||  1040

Table legend: (Time is in decaauts)
 A = Elapsed time spent in this place.
 B = Non-inter-level travel time spent in this place.
 C = Inter-level travel time spent in this place.
 D = Time resting spent in this place.
 E = Time spent auto-exploring this place.
 F = Levels seen in this place.
 G = Mean time per level.
                   A        B        C        D        E       F      G
               +--------+--------+--------+--------+--------+-----+--------+
         Total |  10360 |   9816 |    544 |    100 |   7565 |  14 |  740.0 |
       Dungeon |   8811 |   8268 |    543 |    100 |   6492 |  10 |  881.1 |
          Lair |    175 |    175 |      0 |      0 |     89 |   1 |  175.0 |
         Abyss |     47 |     47 |      0 |      0 |     12 |   1 |   47.0 |
         Sewer |    575 |    575 |      0 |      0 |    426 |   1 |  575.0 |
        Bailey |    750 |    750 |      0 |      0 |    546 |   1 |  750.0 |
               +--------+--------+--------+--------+--------+-----+--------+

Top non-repeatable levels by time:
     D:6: 1456 daAuts
    D:10: 1234 daAuts
     D:5: 958 daAuts
     D:7: 930 daAuts
     D:9: 886 daAuts
  Bailey: 750 daAuts
     D:2: 747 daAuts
     D:8: 733 daAuts
     D:1: 694 daAuts
     D:3: 676 daAuts
   Sewer: 575 daAuts
     D:4: 494 daAuts
  Lair:1: 175 daAuts
 Abyss:1: 47 daAuts
